 Dungeon Crawl Stone Soup version 0.22-a0-281-g2e20325899 (webtiles) character file.

9284 Ikesh the Geomancer (level 11, 0/77 HPs)
             Began as a Formicid Earth Elementalist on Mar 17, 2018.
             Was an Elder of Nemelex Xobeh.
             Slain by a blink frog (24 damage)
             ... on level 1 of the Lair of Beasts.
             The game lasted 01:10:05 (9836 turns).

Ikesh the Geomancer (Formicid Earth Elementalist)   Turns: 9836, Time: 01:10:06

Health: 0/77       AC: 13    Str: 13    XL:     11   Next: 71%
Magic:  23/23      EV: 14    Int: 17    God:    Nemelex Xobeh [****..]
Gold:   495        SH:  0    Dex: 14    Spells: 18/26 levels left

rFire    . . .     SeeInvis +   r - +3 quarterstaff (chaos)
rCold    . . .     Gourm    .   (no shield)
rNeg     . . .     Faith    .   s - +0 leather armour
rPois    +         Spirit   .   (helmet unavailable)
rElec    .         Reflect  .   t - +2 cloak {rPois}
rCorr    +         Harm     .   j - +2 pair of gloves
MR       ++...                  B - +2 pair of boots
Stlth    +++.......             (no amulet)
HPRegen  0.22/turn              o - ring of protection from magic
MPRegen  0.18/turn              z - ring of resist corrosion

@: no status effects
A: permanent stasis, dig shafts and tunnels, four strong arms, antennae 3, agile
1, wild magic 1
a: Dig, Shaft Self, Triple Draw, Deal Four, Renounce Religion


You were on level 1 of the Lair of Beasts.
You worshipped Nemelex Xobeh.
Nemelex Xobeh was greatly pleased with you.
You were not hungry.

You visited 2 branches of the dungeon, and saw 10 of its levels.

You collected 509 gold pieces.
You spent 14 gold pieces at shops.

Inventory:

Hand Weapons
 k - a +1 dagger of venom
 r - a +3 quarterstaff of chaos (weapon)
 A - a +0 dagger of holy wrath
Missiles
 a - 8 tomahawks of dispersal (quivered)
 e - 205 arrows
 f - 8 poisoned tomahawks
Armour
 j - a +2 pair of gloves (worn)
 s - a +0 leather armour (worn)
 t - a +2 cloak of poison resistance (worn)
 B - a +2 pair of boots (worn)
Jewellery
 c - an uncursed amulet of harm
 o - a ring of protection from magic (left hand)
 z - a ring of resist corrosion (right hand)
Wands
 b - a wand of random effects (19)
 n - a wand of flame (23)
Scrolls
 g - a scroll of amnesia
 i - 5 scrolls of remove curse
 y - a scroll of acquirement {unknown}
 D - 4 scrolls of immolation
 E - a scroll of magic mapping
 H - a scroll of enchant armour
 I - a scroll of vulnerability
Potions
 h - a potion of heal wounds
 l - 2 potions of invisibility
 m - a potion of might
 p - 3 potions of curing
 q - 2 potions of ambrosia
 w - 2 potions of brilliance
 F - a potion of cancellation
Miscellaneous
 u - a plain deck of escape {drawn: 5}
 x - a plain deck of escape
 J - a plain deck of summoning {drawn: 3}
Comestibles
 d - 20 rations
 G - 8 chunks of flesh


   Skills:
 + Level 4.1 Fighting
 - Level 1.4 Short Blades
 + Level 4.7 Staves
 + Level 4.4 Armour
 + Level 4.2 Dodging
 + Level 5.8 Stealth
 + Level 8.2 Spellcasting
 + Level 1.4 Transmutations
 + Level 10.0 Earth Magic
 * Level 9.2 Invocations
 * Level 5.8 Evocations


You had 18 spell levels left.
You knew the following spells:

 Your Spells              Type           Power        Failure   Level  Hunger
a - Sandblast             Erth           ######       1%          1    None
b - Passwall              Tmut/Erth      ####......   3%          2    None
c - Searing Ray           Conj           #.....       26%         2    None
d - Dazzling Spray        Conj/Hex       #.....       45%         3    #......


Dungeon Overview and Level Annotations

Branches:
Dungeon (9/15)               Lair (1/6) D:9             Orc (0/2) D:9
 Temple: D:4-7

Altars:
Cheibriados
Dithmenos
Gozag
Kikubaaqudgha
Makhleb
Nemelex Xobeh
Okawaru
Qazlal
Ru
Sif Muna
Trog
Uskayaw
Wu Jian
Xom

Shops:
D:5 }   D:7 !   D:9 (

Annotations:
D:9 2 runed doors


Innate Abilities, Weirdness & Mutations

You cannot be hasted, slowed, berserked, paralysed or teleported.
You can dig through walls and to a lower floor.
Your four strong arms can wield two-handed weapons with a shield.
You have a pair of large antennae on your head. (SInv)
You are agile. (Dex +2)
Your spells are a little harder to cast, but a little more powerful.


Message History

Aiming: Random Effects
Press: ? - help, Shift-Dir - straight line, f/p - blink frog
Aim: a blink frog (heavily wounded, berserk, fast, unusually strong)
The blink frog seems to speed up.
The blink frog hits you. The blink frog hits you!
* * * LOW HITPOINT WARNING * * *
The blink frog blinks!
Aiming: Throw Flame
Press: ? - help, Shift-Dir - straight line, f/p - blink frog
Aim: a blink frog (heavily wounded, berserk, fast, unusually strong)
The puff of flame misses the blink frog.
You draw a card...
It is Wild Magic.
The deck of cards disappears without a trace.
Freezing gases pour from the blink frog's front feet!
You feel a surge of magic.
You draw a card...
It is the Illusion.
Suddenly you stand beside yourself.
The blink frog hits you but does no damage.
The blink frog hits you!!
You die...
Your body glows slightly and disappears.

.#.#..§.§.P# ## ##......#.#
##.#.#.§§§## #.##.........###
.§§§...§...# ##....####.....##
P÷≈≈≈≈≈§≈..###....##...#.....#
..§#####≈......##.............# .
..≈## ##≈...#......♣...♣...#....
..≈§#≈≈#≈...+..#....÷>.....#..+.
#§§≈≈≈≈≈≈..#...#...♣...♣...#...
#...§.......#..@@F.........#..# .
..........###...#.##...##.....#..
..#####...##.#.....#..##.....#...
#.≈#####..#...###.........##.....
..#≈≈≈≈#........###.....#.#......
..≈≈≈≈≈#........##.##..#.........
..≈≈≈≈≈#...........≈...≈.........
...≈≈≈≈#......÷....≈.≈≈≈.........
..≈≈.##......÷.<.................


You could see a blink frog (berserk) and the friendly Ikesh's illusion.

Vanquished Creatures
  3 two-headed ogres
  Pikel (D:5)
  A spiny frog (Lair:1)
  3 blink frogs
  3 hippogriffs
  A water moccasin (D:6)
  An ice beast (D:9)
  A slave (D:5)
  4 orc warriors
  2 sky beasts
  3 ogres
  6 wolves (Lair:1)
  The ghost of Nvm9 the Covered, an amateur DsFi (D:3)
  4 centaurs
  3 crocodiles (Lair:1)
  2 big kobolds
  A bullfrog (Lair:1)
  2 scorpions
  A wyvern skeleton (D:6)
  A killer bee (D:9)
  10 wights
  A howler monkey (D:6)
  A crimson imp (D:9)
  A bullfrog zombie (D:9)
  3 hounds
  7 orc priests
  10 orc wizards
  A gnoll shaman (D:8)
  A bullfrog skeleton (D:3)
  4 iguanas
  7 worker ants
  A hound zombie (D:8)
  A hound skeleton (D:4)
  A worker ant zombie (D:8)
  4 gnolls (D:8)
  7 adders
  2 shadow imps
  2 oozes
  2 adder skeletons
  A worm (D:4)
  5 leopard geckos
  49 orcs
  3 giant cockroaches
  12 goblins
  6 hobgoblins
  9 jackals
  2 quokkas
  A ball python (D:1)
  2 bats
  4 frilled lizards
  10 kobolds
  A leopard gecko skeleton (D:5)
  9 rats
224 creatures vanquished.

Vanquished Creatures (collateral kills)
  A two-headed ogre (D:5)
  An ugly thing (D:9)
  3 blink frogs
  A hippogriff (Lair:1)
  An orc warrior (D:8)
  A scorpion (D:7)
  A wight (D:7)
  A jelly (D:8)
  Crazy Yiuf (D:7)
  A bullfrog skeleton (D:7)
  2 iguanas (D:9)
  3 orcs (D:7)
17 creatures vanquished.

Vanquished Creatures (others)
  An orc warrior (D:8)
  An adder zombie (D:9)
  A fungus (Lair:1)
3 creatures vanquished.

Grand Total: 244 creatures vanquished

Notes
Turn   | Place    | Note
-------+----------+-------------------------------------------
     0 | D:1      | Ikesh the Formicid Earth Elementalist began the quest for the Orb.
     0 | D:1      | Reached XP level 1. HP: 13/13 MP: 3/3
   127 | D:1      | Reached skill level 4 in Earth Magic
   127 | D:1      | Reached XP level 2. HP: 16/19 MP: 1/5
   354 | D:1      | Reached XP level 3. HP: 24/24 MP: 6/6
   764 | D:2      | Learned a level 2 spell: Passwall
  1029 | D:2      | Reached XP level 4. HP: 26/30 MP: 2/7
  1091 | D:2      | Found a sparkling altar of Nemelex Xobeh.
  1095 | D:2      | Became a worshipper of Nemelex Xobeh the Trickster
  1109 | D:2      | Received a gift from Nemelex Xobeh
  1541 | D:3      | Found a bloodstained altar of Trog.
  1643 | D:3      | Noticed Nvm9's ghost (amateur DsFi)
  1777 | D:3      | Reached skill level 1 in Invocations
  1857 | D:3      | Reached XP level 5. HP: 28/35 MP: 9/9
  1927 | D:3      | Found a snail-covered altar of Cheibriados.
  1928 | D:3      | Reached * piety under Nemelex Xobeh
  1945 | D:3      | Received a gift from Nemelex Xobeh
  1961 | D:3      | Reached skill level 1 in Short Blades
  2045 | D:3      | Found a faded altar of an unknown god.
  2184 | D:4      | Noticed an ogre
  2190 | D:4      | Killed an ogre
  2190 | D:4      | Reached skill level 1 in Fighting
  2190 | D:4      | Reached skill level 1 in Armour
  2190 | D:4      | Reached skill level 5 in Earth Magic
  2190 | D:4      | Reached XP level 6. HP: 9/43 MP: 7/10
  2504 | D:4      | Found an ancient bone altar of Kikubaaqudgha.
  2543 | D:4      | Found an ornate altar of the Wu Jian Council.
  2813 | D:5      | Entered Level 5 of the Dungeon
  2815 | D:5      | Noticed a sky beast
  2828 | D:5      | Killed a sky beast
  2828 | D:5      | Reached XP level 7. HP: 32/48 MP: 8/12
  3311 | D:5      | Noticed a two-headed ogre
  3318 | D:5      | Killed a two-headed ogre
  3318 | D:5      | Reached skill level 6 in Earth Magic
  3318 | D:5      | Reached skill level 5 in Invocations
  3318 | D:5      | Reached XP level 8. HP: 37/56 MP: 10/15
  3441 | D:5      | Reached ** piety under Nemelex Xobeh
  3445 | D:5      | Reached skill level 5 in Spellcasting
  3653 | D:5      | Noticed Pikel
  3734 | D:5      | Killed Pikel
  3734 | D:5      | Reached skill level 7 in Earth Magic
  3734 | D:5      | Reached XP level 9. HP: 34/61 MP: 15/17
  4036 | D:5      | Found Negesh's Gadget Shop.
  4635 | D:6      | You fall through a shaft!
  4635 | D:7      | Noticed a hippogriff
  4639 | D:7      | Killed a hippogriff
  4639 | D:7      | Reached skill level 8 in Earth Magic
  4641 | D:7      | Found Zuoghou's Distillery.
  4682 | D:7      | Bought a potion of degeneration for 14 gold pieces
  4733 | D:7      | Received a gift from Nemelex Xobeh
  4774 | D:7      | Found an opulent altar of Gozag.
  4775 | D:7      | Found a burning altar of Makhleb.
  4775 | D:7      | Found a sacrificial altar of Ru.
  4777 | D:7      | Found a shimmering altar of Xom.
  4778 | D:7      | Found a hide-covered altar of Uskayaw.
  4867 | D:7      | Found a runed door.
  4872 | D:7      | Noticed Crazy Yiuf
  4877 | D:7      | Killed Crazy Yiuf
  5109 | D:3      | Killed Nvm9's ghost
  5541 | D:7      | Found an iron altar of Okawaru.
  5671 | D:7      | Gained mutation: You are clumsy. (Dex -2) [potion of mutation]
  5671 | D:7      | Lost mutation: You are clumsy. (Dex -2) [potion of mutation]
  5671 | D:7      | Gained mutation: Your spells are a little harder to cast, but a little more powerful. [potion of mutation]
  5671 | D:7      | Gained mutation: You are agile. (Dex +2) [potion of mutation]
  5741 | D:7      | Reached skill level 1 in Staves
  5894 | D:8      | Received a gift from Nemelex Xobeh
  5923 | D:8      | Reached XP level 10. HP: 57/69 MP: 12/20
  6017 | D:8      | Reached skill level 1 in Evocations
  6668 | D:8      | Found a stormy altar of Qazlal.
  6673 | D:8      | Found a deep blue altar of Sif Muna.
  6806 | D:8      | Noticed a two-headed ogre
  6829 | D:8      | Killed a two-headed ogre
  6829 | D:8      | Reached skill level 5 in Stealth
  7201 | D:8      | Learned a level 2 spell: Searing Ray
  7205 | D:8      | Learned a level 3 spell: Dazzling Spray
  7297 | D:8      | Reached *** piety under Nemelex Xobeh
  7453 | D:9      | Found a staircase to the Orcish Mines.
  7767 | D:9      | Received a gift from Nemelex Xobeh
  7964 | D:9      | Found Taboduff's Antique Weapon Shop.
  7988 | D:9      | Found a staircase to the Lair.
  8056 | D:9      | Noticed a two-headed ogre
  8064 | D:9      | Killed a two-headed ogre
  8064 | D:9      | Reached skill level 9 in Earth Magic
  8064 | D:9      | Reached XP level 11. HP: 58/76 MP: 16/22
  8345 | D:9      | Noticed a two-headed ogre
  8353 | D:9      | Killed a two-headed ogre
  8353 | D:9      | Reached skill level 5 in Evocations
  8539 | D:9      | Noticed a purple ugly thing
  8543 | D:9      | Found a runed door.
  8563 | D:9      | Killed a purple ugly thing
  8788 | D:9      | Found a runed door.
  8789 | D:9      | Found a runed door.
  8789 | D:9      | Noticed a deep elf mage
  8791 | D:9      | Noticed a centaur warrior
  8791 | D:9      | Noticed a two-headed ogre
  9140 | D:9      | Received a gift from Nemelex Xobeh
  9213 | D:9      | Found a shadowy altar of Dithmenos.
  9259 | Lair:1   | Entered Level 1 of the Lair of Beasts
  9447 | Lair:1   | Reached **** piety under Nemelex Xobeh
  9681 | Lair:1   | Reached skill level 10 in Earth Magic
  9836 | Lair:1   | Slain by a blink frog

Vault maps used:
D:1:      shiori_arrival_maze, minmay_liquid_box
D:2:      nemelex_dance_club_becter
D:3:      nicolae_overflow_hidden_temple, lemuel_crystal_altar,
          chequers_ecumenical_altar_lobes
D:4:      kiku_gazebo_pond_becter, lemuel_crystal_altar, first_ration
D:5:      minmay_temple_entry_trees, serial_shops, kennysheep_mini,
          minmay_misc_feat_room, uniq_pikel
D:7:      grunt_temple_overflow_open, serial_shops,
          nicolae_shop_temple_entry_statues_fountains, enter_bailey_2,
          okawaru_gym_becter, uniq_crazy_yiuf_cottage
D:8:      amethyst_overflow_temple_binary
D:9:      minmay_the_grid_triangle_9x9_rhombus_full, grunt_dithmenos_shadows,
          david_orc_2, serial_shops, shop, serial_column_ruins,
          column_ruins_open_medium, column_ruins_grid_3, column_ruins_grid_1,
          column_ruins_grid_2, blue_anna_alchemist
Lair:1:   st_stairs_10, grunt_megastairs_2, lemuel_fruit_tree

Skill      XL: |  1  2  3  4  5  6  7  8  9 10 11 |
---------------+----------------------------------+-----
Earth Magic    | 4 5 6 7 8 9 10 | 10.0
Dodging        | 2 3 4 |  4.2
Stealth        | 3 4 5 |  5.8
Invocations    | 1 2 3 5 7 8 9 |  9.2
Short Blades   | 1 |  1.4
Fighting       | 1 2 3 4 |  4.1
Armour         | 1 2 3 4 |  4.4
Spellcasting   | 3 4 5 6 7 8 |  8.2
Staves         | 1 4 |  4.7
Evocations     | 4 5 |  5.8
Transmutations | |  1.4

Action                   |  1- 3 |  4- 6 |  7- 9 | 10-12 || total
-------------------------+-------+-------+-------+-------++-------
Melee: Dagger            |    61 |   117 |    74 |       ||   252
       Unarmed           |     3 |       |       |       ||     3
       Quarterstaff      |       |       |    28 |   221 ||   249
       Halberd           |       |       |     8 |       ||     8
 Cast: Sandblast         |    22 |    30 |    87 |    78 ||   217
       Passwall          |       |       |     1 |     1 ||     2
 Abil: Dig               |       |     2 |     2 |     2 ||     6
Evoke: Deck              |       |     3 |     5 |    15 ||    23
       Wand              |       |       |     1 |     8 ||     9
  Use: Scroll            |       |     6 |     8 |     8 ||    22
       Potion            |       |       |     6 |     3 ||     9
 Stab: Sleeping          |     2 |     5 |     5 |    10 ||    22
       Petrified         |       |       |       |     2 ||     2
       Paralysed         |       |       |       |     2 ||     2
       Distracted        |       |       |       |     1 ||     1
  Eat: Chunk             |     1 |     6 |     6 |    10 ||    23
       Ration            |       |       |     1 |     1 ||     2
Armor: Robe              |    12 |       |       |       ||    12
       Leather armour    |       |    30 |    38 |    85 ||   153
Dodge: Dodged            |    34 |    45 |    89 |   197 ||   365

Table legend:
 A = Spawn XP
 B = Non-spawn XP
 C = Spawn XP percentage of total XP
 D = Spawn monster count
 E = Non-spawn monster count
 F = Spawn count percentage of total count
 G = Total turns spent on level
                    A         B        C        D         E        F      G
               +---------+---------+-------+---------+---------+-------+---------
         Total |       0 |   13264 |   0.0 |       0 |     242 |   0.0 |  9836
               +---------+---------+-------+---------+---------+-------+---------
           D:1 |       0 |      39 |   0.0 |       0 |      24 |   0.0 |   760
           D:2 |       0 |      54 |   0.0 |       0 |      14 |   0.0 |   805
           D:3 |       0 |     274 |   0.0 |       0 |      30 |   0.0 |   918
           D:4 |       0 |     214 |   0.0 |       0 |      10 |   0.0 |   654
           D:5 |       0 |    1953 |   0.0 |       0 |      24 |   0.0 |  1355
           D:6 |       0 |     531 |   0.0 |       0 |      12 |   0.0 |   570
           D:7 |       0 |     726 |   0.0 |       0 |      18 |   0.0 |   797
           D:8 |       0 |    2755 |   0.0 |       0 |      50 |   0.0 |  1756
           D:9 |       0 |    4296 |   0.0 |       0 |      44 |   0.0 |  1803
        Lair:1 |       0 |    2422 |   0.0 |       0 |      16 |   0.0 |   418
               +---------+---------+-------+---------+---------+-------+---------
